 Dungeon Crawl Stone Soup version 0.26-a0-639-g72c4674329 (webtiles) character file.

Game seed: 15231142756695672531

16 Lanoc the Stinger (level 2, -5/19 HPs)
             Began as a Demonspawn Venom Mage on Sept 26, 2020.
             Killed from afar by a white imp (7 damage)
             ... with a puff of frost
             ... summoned by Natasha
             ... on level 2 of the Dungeon.
             The game lasted 00:01:06 (562 turns).

Lanoc the Stinger (Demonspawn Venom Mage)            Turns: 562, Time: 00:01:06

Health: -5/19      AC:  2    Str:  5 (8)  XL:     2   Next: 37%
Magic:  1/5        EV: 12    Int: 15 (16) God:
Gold:   5          SH:  0    Dex: 11 (13) Spells: 4/5 levels left

rFire    . . .     SeeInvis .   (no weapon)
rCold    . . .     Faith    .   (no shield)
rNeg     . . .     Spirit   .   a - +0 robe
rPois    .         Reflect  .   (no helmet)
rElec    .         Harm     .   (no cloak)
rCorr    .         Rampage  .   (no gloves)
MR       .....                  (no boots)
Stlth    +.........             (no amulet)
HPRegen  0.06/turn              (no ring)
MPRegen  0.09/turn              (no ring)

@: lethally poisoned (-5 -> -8)
A: hooves 1
a: no special abilities


You were on level 2 of the Dungeon.
You visited 1 branch of the dungeon, and saw 2 of its levels.

You collected 5 gold pieces.

Inventory:

Missiles
 e - 3 atropa-tipped darts (quivered)
Armour
 a - a +0 robe (worn)


   Skills:
 + Level 2.1 Dodging
 - Level 1.7 Stealth
 - Level 2.0 Spellcasting
 - Level 0.8 Transmutations
 * Level 3.5 Poison Magic


You had 4 spell levels left.
You knew the following spells:

 Your Spells              Type           Power        Failure   Level
a - Sting                 Tmut/Pois      #...         9%          1

Your spell library contained the following spells:

 Spells                   Type           Power        Failure   Level
 Poisonous Vapours        Pois/Air       #.....       16%         2
 Ignite Poison            Fire/Tmut/Pois #.......     36%         3
 Mephitic Cloud           Conj/Pois/Air  #.......     38%         3
 Olgreb's Toxic Radiance  Pois           ##......     45%         4


Dungeon Overview and Level Annotations

Branches:
Dungeon (2/15)

Altars:

Annotations:
D:2 Natasha


Innate Abilities, Weirdness & Mutations

You have large cloven feet.


Message History

The bat hits you.
* * * LOW HITPOINT WARNING * * *
Found a robe.
The bat hits you but does no damage.
As you read the scroll labeled PUCSIMN FITEO, it crumbles to dust.
You feel blessed for a moment.
It was a scroll of remove curse.
The bat hits you but does no damage. The adder bites you.
* * * LOW HITPOINT WARNING * * *
You are lethally poisoned!
The adder poisons you!
You miss the adder. Your kick misses the adder.
* * * LOW HITPOINT WARNING * * *
You feel sick. The bat hits you but does no damage. The adder bites you.
* * * LOW HITPOINT WARNING * * *
The bat barely misses you.
Natasha howls an incantation.
You feel disoriented. The white imp gestures at you.
The puff of frost hits you!
You die...

........####....#
...........(....
#....<.......
.######............
.......(...........
......##....##..###
..... #.h†.....#
.... ##S#h##..# ...
#@#.#[..# ..
#b5.....# .
#####...# ......
..... ..... ....
##..


You could see Natasha, an adder, a white imp (summoned) and a bat.

Vanquished Creatures
  A dart slug (D:1)
  A giant cockroach (D:2)
  A goblin (D:1)
  3 hobgoblins (D:1)
  2 kobolds
  2 bats
  4 rats
14 creatures vanquished.

Notes
Turn   | Place    | Note
-------+----------+-------------------------------------------
     0 | D:1      | Lanoc the Demonspawn Venom Mage began the quest for the
                  | Orb.
     0 | D:1      | Reached XP level 1. HP: 13/13 MP: 3/3
   401 | D:1      | Gained mutation: You have large cloven feet. [demonic
                  | ancestry]
   401 | D:1      | Reached XP level 2. HP: 19/19 MP: 0/5
   546 | D:2      | Noticed Natasha
   562 | D:2      | Killed from afar by a white imp

Illustrated notes

Levels and vault maps discovered:
D:1:      psy_arrival_statuary, layout_loops_corners, minmay_tree_intersection
D:2:      layout_basic, uniq_natasha, uniq_terence

Skill      XL: |  1 |
---------------+----+-----
Dodging        | 2 |  2.1
Stealth        | |  1.7
Spellcasting   | |  2.0
Transmutations | |  0.8
Poison Magic   | |  3.5

Action                   || total
-------------------------++-------
Melee: Unarmed           ||    19
 Cast: Sting             ||    24
  Use: Potion            ||     2
       Scroll            ||     1
Armor: Robe              ||    14
Dodge: Dodged            ||    21

Table legend: (Time is in decaauts)
 A = Elapsed time spent in this place.
 B = Non-inter-level travel time spent in this place.
 C = Inter-level travel time spent in this place.
 D = Time resting spent in this place.
 E = Time spent auto-exploring this place.
 F = Levels seen in this place.
 G = Mean time per level.
                   A        B        C        D        E       F      G
               +--------+--------+--------+--------+--------+-----+--------+
         Total |    561 |    550 |     11 |      0 |    455 |   2 |  280.5 |
       Dungeon |    561 |    550 |     11 |      0 |    455 |   2 |  280.5 |
               +--------+--------+--------+--------+--------+-----+--------+

Top non-repeatable levels by time:
     D:1: 527 daAuts
     D:2: 34 daAuts
